Map: Hardwire LE

Players

AgoElazer (Elazer) - Winner!

  • Race: Zerg Zerg

Zoun

  • Race: Protoss Protoss

Event: DreamHack SC2 Masters Last Chance 2022

VOD

Have the link to the VOD?

Description

Time

  • Played on: Dec. 19, 2021, 7:26 p.m.
  • Length: 13:29

All games in this series

Show
View Real Time Build Order
Export as new Build Order

AgoElazer Zerg - Winner!

Build Orders: Hatch First 

Get SALT Encoding   

  12  0:00  Drone  
  13  0:12  Overlord  
  13  0:17  Drone  
  14  0:31  Drone x2  
  16  0:48  Hatchery  
  15  0:52  Drone  
  15  0:55  Drone  
  17  0:58  Drone  
  18  1:09  Extractor  
  17  1:14  Spawning Pool  
  17  1:18  Drone  
  17  1:20  Drone  
  18  1:28  Drone  
  19  1:38  Drone  
  20  1:49  Overlord  
  20  2:01  Drone  
  20  2:02  Queen x2  
  20  2:03  Zergling x2  
  26  2:12  Drone  
  26  2:14  Zergling x2  
  28  2:21  Metabolic Boost  
  28  2:23  Zergling x2  
  29  2:31  Drone  
  29  2:32  Drone  
  29  2:35  Drone  
  32  2:37  Queen  
  34  2:44  Drone, Overlord  
  35  2:55  Hatchery  
  34  2:59  Drone  
  34  3:03  Overlord  
  35  3:06  Queen  
  35  3:09  Drone  
  38  3:16  Drone x3  
  40  3:20  Drone x2  
  40  3:26  Queen  
  44  3:29  Drone  
  44  3:30  Drone  
  46  3:35  Overlord  
  46  3:38  Spore Crawler  
  46  3:41  Overlord  
  45  3:44  Drone x2  
  47  3:56  Drone x5  
  47  3:59  Drone x2  
  54  4:03  Queen  
  54  4:07  Overlord  
  54  4:08  Drone  
  57  4:11  Drone  
  57  4:16  Drone x4  
  61  4:19  Drone x2  
  61  4:21  Zergling x2  
  61  4:24  Overlord  
  64  4:29  Extractor  
  64  4:31  Roach Warren, Extractor  
  61  4:34  Drone x3  
  61  4:35  Drone  
  65  4:41  Queen  
  65  4:43  Overlord  
  67  4:47  Zergling x4  
  67  4:51  Overlord  
  67  4:52  Drone x5  
  74  4:57  Overlord  
  74  5:06  Spore Crawler  
  73  5:07  Spore Crawler  
  73  5:08  Drone  
  73  5:14  Roach  
  73  5:15  Roach x4  
  73  5:16  Roach x3  
  95  5:21  Roach x3  
  95  5:25  Overlord  
  95  5:26  Zergling x6  
  95  5:27  Zergling x2  
  99  5:28  Zergling x2  
  99  5:33  Zergling x6  
  103  5:41  Zergling x4  
  105  5:47  Ravager x5  
  105  5:48  Overlord x2  
  110  5:50  Zergling x8  
  113  6:06  Queen x3  
  113  6:07  Ravager x2  
  113  6:08  Zergling x16  
  129  6:17  Overlord x2  
  124  6:37  Ravager  
  121  6:41  Queen x3  
  121  6:45  Drone x8  
  129  6:48  Drone x4  
  126  6:57  Hatchery  
  120  7:14  Zergling x2  
  120  7:15  Zergling x14  
  125  7:17  Queen  
  125  7:19  Queen, Lair  
  122  7:25  Zergling x2  
  117  7:38  Zergling x10  
  118  7:49  Zergling x4  
  118  7:50  Zergling x2  
  112  7:53  Queen  
  112  7:54  Queen  
  95  8:08  Drone  
  95  8:09  Drone x4  
  95  8:10  Extractor  
  99  8:13  Extractor x2  
  99  8:16  Queen x2  
  99  8:19  Spore Crawler  
  100  8:20  Drone x6  
  100  8:21  Spore Crawler x2  
  100  8:22  Spore Crawler  
  103  8:29  Overlord  
  103  8:32  Drone x3, Spire  
  103  8:33  Queen x2  
  109  8:43  Drone x11  
  109  8:45  Extractor  
  109  8:47  Spore Crawler  
  118  8:48  Spore Crawler  
  118  8:50  Spore Crawler  
  118  8:51  Extractor  
  118  8:53  Drone x4  
  118  9:01  Overlord  
  118  9:02  Queen x2  
  118  9:05  Drone x4  
  125  9:12  Queen  
  125  9:13  Queen  
  125  9:14  Overlord x2  
  124  9:22  Overseer  
  123  9:43  Corruptor  
  123  9:44  Corruptor x17  
  159  9:48  Corruptor x2  
  163  9:56  Overlord  
  163  10:05  Infestation Pit, Hatchery  
  163  10:07  Spire, Roach x4  
  163  10:08  Overlord  
  163  10:10  Overlord  
  168  10:16  Roach  
  168  10:17  Roach x4  
  178  10:23  Roach x4  
  186  10:29  Roach  
  186  10:30  Roach x4  
  196  10:44  Roach x2  
  190  11:29  Zergling x20  
  198  11:38  Glial Reconstitution  
  182  11:47  Corruptor x6  
  182  11:49  Queen x4  
  194  11:57  Corruptor x5  
  200  12:14  Corruptor  
  192  12:23  Corruptor x6  
  192  12:27  Zergling x16  
  193  12:31  Evolution Chamber  
  193  12:32  Evolution Chamber  
  189  12:42  Corruptor x5  
Show
View Real Time Build Order
Export as new Build Order

Zoun Protoss 

Build Orders: 1 Gate Expand, Oracle Opening 

Get SALT Encoding   

  12  0:00  Probe  
  13  0:12  Probe  
  14  0:19  Pylon  
  14  0:24  Probe  
  15  0:37  Probe (Chrono Boost)  
  15  0:39  Gateway  
  16  0:46  Probe (Chrono Boost)  
  16  0:49  Assimilator  
  17  0:51  Probe (Chrono Boost)  
  18  1:03  Probe  
  19  1:15  Probe  
  20  1:26  Nexus  
  20  1:37  Cybernetics Core  
  20  1:39  Probe  
  21  1:45  Assimilator  
  21  1:51  Probe  
  21  1:54  Pylon  
  22  2:03  Probe  
  23  2:11  Adept (Chrono Boost)  
  25  2:15  Probe  
  26  2:23  Stargate  
  26  2:25  Warp Gate  
  26  2:28  Probe (Chrono Boost)  
  27  2:33  Adept  
  29  2:38  Probe (Chrono Boost)  
  29  2:40  Probe (Chrono Boost)  
  31  2:47  Probe (Chrono Boost)  
  31  2:48  Probe (Chrono Boost)  
  33  2:52  Probe (Chrono Boost)  
  33  2:55  Probe  
  35  2:59  Void Ray (Chrono Boost)  
  35  3:04  Probe  
  36  3:07  Probe  
  41  3:16  Probe  
  43  3:20  Probe  
  43  3:22  Pylon  
  43  3:24  Gateway  
  43  3:28  Probe  
  43  3:32  Probe  
  45  3:35  Shield Battery  
  45  3:37  Oracle (Chrono Boost)  
  45  3:40  Probe  
  49  3:47  Probe  
  50  3:52  Probe  
  50  3:53  Nexus  
  51  3:56  Pylon  
  51  4:02  Assimilator  
  51  4:03  Probe  
  51  4:05  Assimilator, Probe  
  53  4:15  Probe  
  54  4:19  Probe  
  54  4:20  Stargate  
  54  4:23  Shield Battery  
  55  4:25  Protoss Air Weapons Level 1  
  55  4:29  Void Ray  
  55  4:34  Probe  
  55  4:37  Probe  
  61  4:40  Pylon  
  61  4:46  Probe  
  61  4:48  Forge  
  62  4:58  Probe x2  
  62  4:59  Void Ray  
  64  5:01  Pylon  
  68  5:08  Probe (Chrono Boost)  
  68  5:10  Probe (Chrono Boost)  
  68  5:11  Void Ray, Probe (Chrono Boost)  
  71  5:19  Probe (Chrono Boost)  
  71  5:20  Probe x2 (Chrono Boost)  
  78  5:23  Probe (Chrono Boost)  
  78  5:24  Probe (Chrono Boost)  
  78  5:25  Probe (Chrono Boost)  
  78  5:28  Robotics Facility  
  81  5:30  Assimilator  
  81  5:31  Assimilator  
  81  5:33  Pylon  
  81  5:34  Probe  
  82  5:36  Probe  
  82  5:37  Probe  
  82  5:38  Void Ray (Chrono Boost)  
  83  5:46  Probe  
  83  5:48  Probe, Pylon  
  83  5:49  Probe  
  90  5:57  Photon Cannon  
  90  5:58  Void Ray (Chrono Boost)  
  90  5:59  Photon Cannon  
  90  6:00  Shield Battery  
  90  6:02  Photon Cannon  
  91  6:08  Photon Cannon x2  
  91  6:10  Shield Battery  
  94  6:15  Shield Battery  
  94  6:16  Photon Cannon  
  94  6:17  Pylon  
  94  6:20  Void Ray (Chrono Boost)  
  94  6:21  Pylon  
  94  6:22  Shield Battery  
  96  6:29  Void Ray  
  96  6:31  Cybernetics Core  
  97  6:43  Photon Cannon  
  97  6:47  Zealot x2  
  99  6:54  Void Ray  
  95  6:55  Photon Cannon  
  95  6:59  Probe  
  94  7:07  Void Ray  
  91  7:12  Probe  
  91  7:14  Probe  
  97  7:18  Probe  
  97  7:21  Pylon  
  98  7:24  Probe  
  99  7:30  Probe  
  99  7:31  Void Ray  
  100  7:37  Probe  
  100  7:48  Probe  
  98  7:55  Probe  
  98  7:57  Probe (Chrono Boost)  
  93  8:00  Probe (Chrono Boost)  
  91  8:08  Fleet Beacon, Probe (Chrono Boost)  
  91  8:09  Probe (Chrono Boost)  
  91  8:12  Probe (Chrono Boost)  
  94  8:17  Probe x2 (Chrono Boost), Pylon  
  94  8:18  Gateway, Probe (Chrono Boost)  
  97  8:22  Probe (Chrono Boost)  
  97  8:23  Observer  
  97  8:25  Probe  
  97  8:26  Probe  
  101  8:29  Pylon x2  
  101  8:34  Probe  
  102  8:37  Probe  
  103  8:41  Probe  
  103  8:43  Photon Cannon, Nexus  
  103  8:45  Photon Cannon  
  103  8:46  Observer, Probe, Pylon  
  103  8:47  Pylon  
  106  8:50  Probe  
  106  8:54  Carrier (Chrono Boost), Probe  
  108  9:00  Carrier (Chrono Boost)  
  120  9:12  Probe  
  120  9:16  Probe x2  
  123  9:21  Cybernetics Core  
  123  9:22  Photon Cannon  
  123  9:24  Probe  
  124  9:28  Probe x2  
  122  9:31  Pylon  
  122  9:44  Flux Vanes  
  122  9:48  Carrier (Chrono Boost)  
  114  9:57  Probe x3  
  114  9:58  Photon Cannon, Void Ray (Chrono Boost)  
  114  9:59  Shield Battery  
  123  10:03  Stargate  
  123  10:05  Photon Cannon  
  127  10:07  Shield Battery  
  127  10:10  Photon Cannon x2  
  129  10:16  Shield Battery  
  129  10:23  Shield Battery  
  129  10:24  Photon Cannon  
  129  10:25  Photon Cannon  
  127  10:30  Photon Cannon  
  127  10:32  Void Ray (Chrono Boost), Pylon, Shield Battery  
  126  10:37  Void Ray  
  128  10:50  Photon Cannon  
  128  10:53  Photon Cannon  
  128  11:06  Shield Battery  
  128  11:07  Shield Battery  
  128  11:09  Void Ray x2  
  128  11:14  Immortal  
  136  11:29  Void Ray (Chrono Boost)  
  140  11:44  Void Ray (Chrono Boost)  
  140  11:46  Void Ray (Chrono Boost)  
  136  11:49  Pylon  
  136  11:50  Shield Battery  
  131  12:03  Void Ray (Chrono Boost)  
  131  12:07  Gateway  
  128  12:10  Pylon  
  128  12:11  Pylon  
  128  12:15  Void Ray x2 (Chrono Boost)  
  128  12:20  Probe  
  116  12:30  Void Ray (Chrono Boost)  
  116  12:35  Probe  
  116  12:36  Assimilator  
  112  12:37  Assimilator  
  112  12:39  Photon Cannon  
  112  12:40  Pylon  
  112  12:41  Photon Cannon  
  112  12:42  Photon Cannon  
  115  12:47  Probe  
  115  12:49  Pylon  

Tags
 
Add a new tag
Caveats
  • Supply blocks, unpowered buildings, or Contaminate may cause inaccurate times.
  • Supply counts are checked every 10 seconds.